 Dungeon Crawl Stone Soup version 0.28-a0-1524-ge72afd5fc6 (webtiles) character file.

Game seed: 18339450533686048249

226 knot the Chopper (level 5, -3/61 HPs)
             Began as a Demonspawn Berserker on Jan 18, 2022.
             Was a Follower of Trog.
             Slain by a gnoll (7 damage)
             ... on level 2 of the Dungeon.
             The game lasted 00:02:02 (2735 turns).

knot the Chopper (Demonspawn Berserker)             Turns: 2735, Time: 00:02:02

Health: -3/61      AC:  3    Str: 17    XL:     5   Next: 69%
Magic:  5/5        EV: 12    Int: 10    God:    Trog [*.....]
Gold:   50         SH:  0    Dex: 13    Spells: 4/4 levels left

rFire   . . .      SeeInvis .   a - +0 hand axe
rCold   . . .      Faith    .   (no shield)
rNeg    . . .      Spirit   .   b - +0 animal skin
rPois   .          Reflect  .   (no helmet)
rElec   .          Harm     .   (no cloak)
rCorr   .          Rampage  .   i - +0 pair of gloves
Will    .....                   (no boots)
Stlth   ..........              (no amulet)
HPRegen 0.20/turn               (no ring)
MPRegen 0.18/turn               (no ring)

@: berserking, very quick
A: hooves 1, magic regeneration
a: Renounce Religion, Berserk


You were on level 2 of the Dungeon.
You worshipped Trog.
Trog was aware of your devotion.
You visited 1 branch of the dungeon, and saw 2 of its levels.

You collected 50 gold pieces.

Inventory:

Hand Weapons
 a - a +0 hand axe (weapon)
Missiles
 c - 24 stones (quivered)
Armour
 b - a +0 animal skin (worn)
 i - a +0 pair of gloves (worn)
Jewellery
 k - a +4 ring of evasion
Scrolls
 e - a scroll of teleportation {unknown}
 g - a scroll of vulnerability {unknown}
Potions
 d - 3 potions of attraction {unknown}
 f - a potion of mutation {unknown}
 h - a potion of heal wounds {unknown}
 j - a potion of degeneration {unknown}


   Skills:
 - Level 3.0 Fighting
 + Level 5.9 Axes
 - Level 1.7 Armour
 - Level 1.7 Dodging


You had 4 spell levels left.
You didn't know any spells.
Your spell library was empty.

Dungeon Overview and Level Annotations

Branches:
Dungeon (2/15)

Altars:


Innate Abilities, Weirdness & Mutations

You have large cloven feet.
You regenerate magic rapidly.


Message History

The gnoll shouts!
You hear a shout! x2
A gnoll comes into view. It is wielding a +0 flail.
You see here a throwing net.
There are monsters nearby!
The gnoll shouts!
A gnoll comes into view. It is wielding a +0 spear.
There are monsters nearby!
A rat comes into view.
The quokka bites you. The quokka barely misses you.
You closely miss the quokka.
A hobgoblin comes into view.
The rat twitches its whiskers.
The quokka bites you.
You hit the quokka but do no damage. You kick the quokka.
You kill the quokka!
Trog accepts your kill. The gnoll hits you with a +0 flail!
The gnoll hits you but does no damage.
You hit the gnoll. You kick the gnoll.
The gnoll is severely wounded.
The gnoll hits you with a +0 flail.
The gnoll hits you from afar with a +0 spear.
You are too injured to fight recklessly!
You are too injured to fight recklessly!
You are too injured to fight recklessly!
A red film seems to cover your vision as you go berserk!
You feel yourself moving faster!
You feel mighty! The gnoll hits you with a +0 flail.
The gnoll hits you from afar with a +0 spear!
* * * LOW HITPOINT WARNING * * *
You closely miss the gnoll. Your kick misses the gnoll.
The gnoll is severely wounded.
The gnoll hits you with a +0 flail!
* * * LOW HITPOINT WARNING * * *
The gnoll hits you from afar with a +0 spear.
* * * LOW HITPOINT WARNING * * *
You slash the gnoll!
You kill the gnoll!
Trog accepts your kill. The gnoll hits you with a +0 flail!
You die...

...#######..##.##.#
....<.##.<.##..##.#
.........### .###.#
......@### #(# ......##
##.# .......# #..#
.#.....# #.## .......#
#.# ......## #@# .......
#...ggg.....# ........
#......r......# ........
#.............#
.........#.#...........#
.....(.... #...........#
#...........#
#...........#


You could see 2 gnolls, a hobgoblin and a rat.

Vanquished Creatures
  Sigmund (D:2)
  A gnoll (D:2)
  An adder (D:2)
  A worm (D:2)
  An orc (D:2)
  3 ball pythons (D:1)
  5 endoplasms
  A giant cockroach (D:1)
  4 goblins
  3 hobgoblins (D:1)
  4 quokkas
  3 bats
  A frilled lizard (D:1)
  5 kobolds
  8 rats
42 creatures vanquished.

Notes
Turn   | Place    | Note
-------+----------+-------------------------------------------
     0 | D:1      | knot the Demonspawn Berserker began the quest for the Orb.
     0 | D:1      | Reached XP level 1. HP: 18/18 MP: 1/1
   385 | D:1      | Reached skill level 3 in Axes
   398 | D:1      | Gained mutation: You regenerate magic rapidly. [demonic
                  | ancestry]
   398 | D:1      | Reached XP level 2. HP: 24/24 MP: 2/2
  1513 | D:1      | Reached XP level 3. HP: 29/29 MP: 3/3
  1648 | D:2      | Noticed Sigmund
  1912 | D:2      | Reached skill level 4 in Axes
  2430 | D:2      | Killed Sigmund
  2431 | D:2      | Reached skill level 5 in Axes
  2431 | D:2      | Reached XP level 4. HP: 10/35 MP: 4/4
  2431 | D:2      | Gained mutation: You have large cloven feet. [demonic
                  | ancestry]
  2431 | D:2      | Reached XP level 5. HP: 12/41 MP: 5/5
  2735 | D:2      | Slain by a gnoll

Illustrated notes

Levels and vault maps discovered:
D:1:      amcnicky_arrival_abandoned_market, layout_rooms, serial_aquarium,
          aquarium_bridge_square [aquarium_subvault_wall,
          aquarium_subvault_bridge, aquarium_subvault_window,
          aquarium_subvault_bridge], aquarium_window_corner,
          aquarium_window_corridor_1, aquarium_view_2b, aquarium_pool_S,
          minmay_tripent
D:2:      layout_rooms, uniq_sigmund

Skill      XL: |  1  2  3 |
---------------+----------+-----
Axes           | 3 5 |  5.9
Fighting       | |  3.0
Armour         | |  1.7
Dodging        | |  1.7

Action                   |  1- 3 |  4- 6 || total
-------------------------+-------+-------++-------
Melee: Hand axe          |    98 |    11 ||   109
       Kick              |       |     3 ||     3
Throw: Stone             |     1 |       ||     1
Invok: Berserk           |     7 |     1 ||     8
 Stab: Sleeping          |     1 |       ||     1
Armor: Animal skin       |    12 |     3 ||    15
Dodge: Dodged            |    59 |     3 ||    62

Table legend: (Time is in decaauts)
 A = Elapsed time spent in this place.
 B = Non-inter-level travel time spent in this place.
 C = Inter-level travel time spent in this place.
 D = Time resting spent in this place.
 E = Time spent auto-exploring this place.
 F = Levels seen in this place.
 G = Mean time per level.
                   A        B        C        D        E       F      G
               +--------+--------+--------+--------+--------+-----+--------+
         Total |   2808 |   2765 |     43 |   1498 |   1002 |   2 | 1404.0 |
       Dungeon |   2808 |   2765 |     43 |   1498 |   1002 |   2 | 1404.0 |
               +--------+--------+--------+--------+--------+-----+--------+

Top non-repeatable levels by time:
     D:1: 1919 daAuts
     D:2: 889 daAuts
